 Seeded DCSS version 0.29.1-15-g9cfb28693d (webtiles) character file.

Game seed: 8848703615492432762 (custom seed)

4650 Psyclone the Thaumaturge (level 10, -4/64 HPs)
             Began as a Deep Elf Conjurer on Sept 24, 2023.
             Shot with an arrow by a centaur (13 damage)
             ... on level 8 of the Dungeon.
             The game lasted 00:42:07 (10055 turns).

Psyclone the Thaumaturge (Deep Elf Conjurer)       Turns: 10055, Time: 00:42:07

Health: -4/64      AC: -7    Str:  4      XL:     10   Next: 20%
Magic:  10/35      EV: 13    Int: 27 (28) God:
Gold:   605        SH:  0    Dex: 10 (13) Spells: 8/30 levels left

rFire   + + .      SeeInvis .   C - staff of fire
rCold   . . .      Faith    .   (no shield)
rNeg    . . .      Spirit   .   q - +0 robe
rPois   .          Reflect  .   (no helmet)
rElec   .          Harm     .   u - +0 cloak
rCorr   .          Rampage  .   (no gloves)
Will    +....                   r - +1 pair of boots
Stlth   ++........              (no amulet)
HPRegen 0.20/turn               s - ring of magical power
MPRegen 0.24/turn               v - ring of protection from fire

@: corroded, very slightly contaminated
A: no striking features
a: no special abilities


You were on level 8 of the Dungeon.
You visited 2 branches of the dungeon, and saw 9 of its levels.
You also visited: Ossuary.

You collected 605 gold pieces.

Inventory:

Hand Weapons
 a - a +1 dagger of electrocution
Armour
 q - a +0 robe (worn)
 r - a +1 pair of boots (worn)
 u - a +0 cloak (worn)
Magical Staves
 C - a staff of fire (weapon)
Jewellery
 s - a ring of magical power (left hand)
 v - a ring of protection from fire (right hand)
 F - an amulet of faith
Wands
 w - a wand of roots (8)
 B - a wand of polymorph (14)
Scrolls
 c - 2 scrolls of silence {!r}
 d - 5 scrolls of teleportation
 f - 3 scrolls of noise
 h - 3 scrolls of identify {@r1}
 j - a scroll of enchant armour
 k - a scroll of summoning
 n - a scroll of enchant weapon
 o - a scroll of poison
 t - a scroll of torment
 y - a scroll of fog
Potions
 b - 2 potions of magic
 e - a potion of berserk rage
 g - a potion of brilliance
 i - 3 potions of curing
 l - 5 potions of might
 m - a potion of heal wounds
 p - 3 potions of cancellation
 x - 2 potions of haste
 z - a potion of lignification {unknown}
 A - a potion of degeneration
 I - a potion of ambrosia


   Skills:
 - Level 8.0 Fighting
 + Level 5.8 Dodging
 - Level 2.4 Stealth
 - Level 10.9 Spellcasting
 - Level 10.0 Conjurations
 + Level 8.1 Fire Magic


You had 8 spell levels left.
You knew the following spells:

 Your Spells              Type           Power      Damage    Failure   Level
a - Magic Dart            Conj           100%       1d8       1%          1
b - Searing Ray           Conj           100%       2d8       1%          2
c - Scorch                Fire           100%       2d10      1%          2
d - Fulminant Prism       Conj/Hex       20%        3d13      4%          4
e - Sticky Flame          Conj/Fire      77%        2d9       1%          4
f - Flame Wave            Conj/Fire      77%        2d17      1%          4
g - Inner Flame           Hex/Fire       53%        N/A       2%          3
q - Blink                 Tloc           28%        N/A       6%          2

Your spell library contained the following spells:

 Spells                   Type           Power      Damage    Failure   Level
 Static Discharge         Conj/Air       41%        3-9/arc   1%          2
 Dazzling Flash           Conj/Hex       82%        N/A       1%          3
 Mephitic Cloud           Conj/Pois/Air  32%        N/A       3%          3
 Apportation              Tloc           28%        N/A       4%          1
 Iskenderun's Mystic Bla  Conj/Tloc      41%        2d9       4%          4
 Call Imp                 Summ           14%        N/A       6%          2
 Sublimation of Blood     Necr           14%        N/A       6%          2
 Frozen Ramparts          Ice            28%        1d5       12%         3
 Lesser Beckoning         Tloc           14%        N/A       12%         3
 Anguish                  Hex/Necr       7%         N/A       36%         4
 Animate Dead             Necr           14%        N/A       36%         4
 Cause Fear               Hex            7%         N/A       36%         4
 Dispel Undead            Necr           14%        3d10      36%         4
 Ice Form                 Ice/Tmut       14%        N/A       36%         4
 Summon Ice Beast         Ice/Summ       14%        N/A       36%         4
 Alistair's Intoxication  Tmut/Pois      9%         N/A       73%         5
 Manifold Assault         Tloc           14%        N/A       73%         5
 Summon Cactus Giant      Summ           7%         N/A       99%         6
 Borgnjor's Revivificati  Necr           7%         N/A       100%        8
 Discord                  Hex            7%         N/A       100%        8


Dungeon Overview and Level Annotations

Branches:
Dungeon (8/15) Zot: 26266  Temple (1/1) D:4 Zot: 5855    Lair (0/5) D:8
Ossuary (visited)

Altars:
Gozag
Hepliaklqana
Kikubaaqudgha
Nemelex Xobeh
Okawaru
Ru
Trog
Wu Jian
Xom
Yredelemnul
Zin

Shops:
D:4 !   D:8 ??


Message History

Casting: Fulminant Prism (dangerous; 4% risk of failure)
Confirm with . or Enter, or press ? or * to list all spells.
Aiming: Fulminant Prism (dangerous; 4% risk of failure)
Press: ? - help, Dir - move target You conjure a prism of explosive energy!
A fulminant prism comes into view.
Your fulminant prism crackles loudly.
You now have 12/35 mp.
The oklob plant spits acid at you. The splash of acid hits you!!
* * * LOW HITPOINT WARNING * * *
The acid corrodes you!
Your fulminant prism crackles loudly.
Your fulminant prism explodes!
The blast of energy engulfs the oklob plant but does no damage.
The oklob plant is severely damaged.
You take 28 damage, and have 8/64 hp.
MASSIVE DAMAGE!!
Your fulminant prism explodes!
The blast of energy engulfs the bush.
The bush is heavily damaged.
The blast of energy engulfs the bush.
The bush is moderately damaged.
The blast of energy engulfs the oklob plant!!
You destroy the oklob plant!
You feel your strength returning.
Your Fire Magic skill increases to level 8!
You start resting.
A white imp comes into view.
A white imp is nearby!
Casting: Fulminant Prism (dangerous; 4% risk of failure)
Confirm with . or Enter, or press ? or * to list all spells.
Aiming: Fulminant Prism (dangerous; 4% risk of failure)
Press: ? - help, Dir - move target You conjure a prism of explosive energy!
A fulminant prism comes into view.
A centaur comes into view. It is wielding a +0 mace.
You now have 10/35 mp.
The centaur unwields a +0 mace.
The centaur wields a +0 shortbow.
The centaur shoots an arrow.
The arrow hits you!
You die...

.##..#...#..#
......#.#..##
.###...∩...#
####..#.#..#
.....#...#.#
...........######
................##
.......########..#
.......# ##@#
.......# #####.#
.......# #.....#
.......#............#
######.........*..#.#
..............#
....5........
...Pc........#
.P...........#


You could see a centaur, a white imp (ally target) and a friendly fulminant
prism.

Vanquished Creatures
  The ghost of hawla the Firebug, a novice MeFE (D:5)
  An oklob plant (D:8)
  Grinder (D:5)
  A shadow (D:7)
  Eustachio (D:5)
  Menkaure (Ossuary)
  Edmund (D:5)
  2 water moccasins
  A floating eye (D:8)
  An ice beast (D:7)
  2 sky beasts
  2 black bears
  2 orc warriors
  An ogre (D:5)
  A centaur (D:7)
  2 kobold brigands
  Blork the orc (D:6)
  4 bullfrogs
  2 necrophages
  A gnoll sergeant (D:5)
  5 scorpions
  An electric eel (D:8)
  A howler monkey (D:4)
  An orc priest (D:8)
  3 jellies
  A gnoll bouda (D:5)
  4 hounds
  Natasha (thrice) (D:2)
  4 iguanas
  3 orc wizards
  3 mummies (Ossuary)
  14 gnolls
  8 adders
  2 white imps
  2 ufetubi
  5 worms
  4 dart slugs
  17 orcs
  8 ball pythons
  7 endoplasms
  3 giant cockroaches
  4 gnoll zombies (Ossuary)
  8 goblins
  8 hobgoblins
  4 jackals
  4 quokkas
  6 bats
  3 frilled lizards
  2 gnoll skeletons (Ossuary)
  4 goblin skeletons (Ossuary)
  6 goblin zombies (Ossuary)
  10 hobgoblin skeletons (Ossuary)
  2 hobgoblin zombies (Ossuary)
  15 kobolds
  3 kobold skeletons (Ossuary)
  4 kobold zombies (Ossuary)
  An orc skeleton (Ossuary)
  2 orc zombies (Ossuary)
  7 rats
  5 rat skeletons (Ossuary)
  7 rat zombies (Ossuary)
  15 bushes (D:5)
248 creatures vanquished.

Vanquished Creatures (others)
  22 fulminant prisms
  28 fungi (D:8)
  24 plants (D:8)
74 creatures vanquished.

Grand Total: 322 creatures vanquished

Notes
Turn   | Place    | Note
-------+----------+-------------------------------------------
     0 | D:1      | Psyclone the Deep Elf Conjurer began the quest for the Orb.
     0 | D:1      | Reached XP level 1. HP: 10/10 MP: 6/6
   164 | D:1      | Reached XP level 2. HP: 7/15 MP: 0/8
   715 | D:1      | Reached skill level 5 in Conjurations
   755 | D:1      | Reached XP level 3. HP: 19/19 MP: 5/10
  1065 | D:2      | Learned a level 2 spell: Searing Ray
  1129 | D:2      | Reached XP level 4. HP: 24/24 MP: 10/16
  1130 | D:2      | Reached XP level 5. HP: 38/38 MP: 11/18
  1176 | D:2      | Learned a level 2 spell: Scorch
  1181 | D:2      | Learned a level 4 spell: Flame Wave
  1186 | D:2      | Learned a level 4 spell: Sticky Flame
  1191 | D:2      | Learned a level 4 spell: Fulminant Prism
  1761 | D:2      | Got the Catalogue of Evil and the Blaze
  2041 | D:2      | Noticed Natasha
  2048 | D:2      | Killed Natasha
  2124 | D:2      | Noticed Natasha
  2130 | D:2      | Killed Natasha
  2138 | D:2      | Noticed Natasha
  2141 | D:2      | Killed Natasha
  2142 | D:2      | Reached XP level 6. HP: 36/44 MP: 8/20
  2448 | D:3      | Learned a level 3 spell: Inner Flame
  2687 | D:3      | Learned a level 2 spell: Blink
  3394 | D:4      | Reached XP level 7. HP: 48/48 MP: 17/21
  3400 | D:4      | Found a staircase to the Ecumenical Temple.
  3410 | Temple   | Entered the Ecumenical Temple
  3823 | D:4      | Found Sohani Liatt's Distillery.
  4050 | D:4      | Found a hazy altar of Hepliaklqana.
  4051 | D:4      | Found a shimmering altar of Xom.
  4052 | D:4      | Noticed a spectral ugly thing
  4105 | D:5      | Entered Level 5 of the Dungeon
  4265 | D:5      | Noticed hawla's ghost (novice MeFE)
  4270 | D:5      | Found a runed translucent gate.
  4270 | D:5      | Found a runed translucent gate.
  4270 | D:5      | Found a runed translucent gate.
  4450 | D:5      | Noticed Edmund
  4458 | D:5      | Killed Edmund
  4459 | D:5      | Reached XP level 8. HP: 45/53 MP: 11/23
  4527 | D:5      | Reached skill level 10 in Spellcasting
  4837 | D:5      | Noticed Grinder
  4843 | D:5      | Killed Grinder
  4846 | D:5      | Noticed Eustachio
  4976 | D:5      | Killed Eustachio
  5637 | D:5      | Killed hawla's ghost
  5638 | D:5      | Reached XP level 9. HP: 49/57 MP: 17/25
  6295 | D:6      | Reached skill level 10 in Conjurations
  6529 | D:6      | Noticed Blork the orc
  6536 | D:6      | Killed Blork the orc
  7323 | D:7      | Identified the +8 plate armour of the Skies Above {-Cast
                  | Harm rC++}
  7736 | D:7      | Found a bloodstained altar of Trog.
  7944 | D:8      | Found a sand-covered staircase.
  8206 | Ossuary  | Entered an ossuary
  8509 | Ossuary  | Noticed Menkaure
  8517 | Ossuary  | Killed Menkaure
  8518 | Ossuary  | Reached skill level 5 in Dodging
  8606 | Ossuary  | Reached XP level 10. HP: 29/64 MP: 20/26
  8924 | Ossuary  | Identified a scroll of acquirement
  8924 | Ossuary  | Acquired a staff of fire
  9708 | D:8      | Found a staircase to the Lair.
  9734 | D:8      | Found Bumad's Magic Scroll Boutique.
  9981 | D:8      | Found Baggoem's Magic Scroll Boutique.
 10040 | D:8      | Noticed an oklob plant
 10050 | D:8      | Killed an oklob plant
 10055 | D:8      | Shot with an arrow by a centaur

Illustrated notes

Levels and vault maps discovered:
D:1:      minmay_arrival_widening_spiral_wide, layout_basic
D:2:      layout_loops_ring, kennysheep_nondescript, uniq_natasha
D:3:      layout_basic, hangedman_decor_lopped, kennysheep_generic_room_9
D:4:      layout_basic, regret_index_temple_of_mockery,
          minmay_temple_entry_junction_2, serial_shops, nicolae_shop_stone
D:5:      layout_layer_cave, gammafunk_ghost_split, minmay_hedge_maze,
          uniq_edmund, uniq_eustachio, uniq_grinder
D:6:      layout_basic, hangedman_abyss_or_decor_stagger,
          minmay_misc_feat_roman, uniq_blork_the_orc
D:7:      layout_loops_ring, lemuel_coloured_pillars_altar
D:8:      layout_basic, nicolae_overflow_hallway_of_the_gods,
          grunt_lair_entry_orc_guard_hut, nicolae_ossuary_entry_plus,
          serial_shops, nicolae_take_the_stairs, shop,
          nicolae_shop_advertising_works [nicolae_subvault_shop_adworks],
          fungi_pond_lemuel, disabler_island, uniq_psyche
Temple:   nicolae_temple_superstar

Skill      XL: |  1  2  3  4  5  6  7  8  9 10 |
---------------+-------------------------------+-----
Spellcasting   | 4 8 9 10 | 10.9
Conjurations   | 5 8 9 10 | 10.0
Fire Magic     | 6 7 8 |  8.1
Fighting       | 7 8 |  8.0
Dodging        | 5 |  5.8
Stealth        | |  2.4

Action                   |  1- 3 |  4- 6 |  7- 9 | 10-12 || total
-------------------------+-------+-------+-------+-------++-------
Melee: Punch             |     1 |       |     1 |       ||     2
       Unarmed           |     1 |       |       |       ||     1
       Dagger            |       |     5 |   149 |       ||   154
 Cast: Magic Dart        |    48 |    68 |    42 |       ||   158
       Searing Ray       |       |    10 |    20 |     1 ||    31
       Flame Wave        |       |     8 |    33 |     5 ||    46
       Fulminant Prism   |       |       |    16 |     7 ||    23
       Inner Flame       |       |       |     1 |       ||     1
  Use: Potion            |     2 |     1 |       |     8 ||    11
       Scroll            |       |       |       |    16 ||    16
 Stab: Sleeping          |       |     1 |     4 |       ||     5
Armor: Robe              |     2 |     7 |    51 |       ||    60
Dodge: Dodged            |     7 |    29 |   141 |     3 ||   180
